 Dungeon Crawl Stone Soup version 0.31-a0-667-g39726597b9 (webtiles) character file.

Game seed: 6536305153216554883

1218 Essalna the Conjurer (level 8, -3/63 HPs)
             Began as a Demonspawn Conjurer on Sept 4, 2023.
             Was an Initiate of Vehumet.
             Slain by an ogre
             ... wielding a +0 giant club
              (31 damage)
             ... on level 7 of the Dungeon.
             The game lasted 00:07:48 (5460 turns).

Essalna the Conjurer (Demonspawn Conjurer)          Turns: 5460, Time: 00:07:49

Health: -3/63      AC:  3    Str:  9    XL:     8   Next: 22%
Magic:  14/16      EV: 17    Int: 21    God:    Vehumet [......]
Gold:   450        SH:  0    Dex: 11    Spells: 15/18 levels left

rFire   . . .        e - +2 dagger (venom)
rCold   . . .        (no shield)
rNeg    . . .        a - +0 robe
rPois   .            i - +0 helmet
rElec   .            (no cloak)
rCorr   .            (no gloves)
SInv    .            (no boots)
Will    +....        (no amulet)
Stlth   ++           x - ring of willpower
HPRegen 0.30/turn    y - +5 ring of evasion
MPRegen 0.15/turn

%: no passive effects
@: no status effects
A: powered by death 3, spiny 1, demonic touch 1
a: Renounce Religion


You were on level 7 of the Dungeon.
You worshipped Vehumet.
Vehumet was noncommittal.
You visited 2 branches of the dungeon, and saw 8 of its levels.

You collected 450 gold pieces.

Inventory:

Hand Weapons
 c - a +0 dagger
 e - a +2 dagger of venom (weapon)
Missiles
 u - 3 throwing nets
Armour
 a - a +0 robe (worn)
 i - a +0 helmet (worn)
Magical Staves
 w - a staff of earth
Jewellery
 o - a ring of flight
 x - a ring of willpower (left hand)
 y - a +5 ring of evasion (right hand)
Wands
 l - a wand of acid (6)
 r - a wand of iceblast (13)
 v - a wand of mindburst (10)
Scrolls
 d - a scroll of poison {unknown}
 f - a scroll of immolation {unknown}
 g - 2 scrolls of teleportation {unknown}
 h - 5 scrolls of vulnerability {unknown}
 n - 2 scrolls of revelation {unknown}
 p - 5 scrolls of identify
 q - a scroll of summoning {unknown}
 s - a scroll of enchant weapon {unknown}
Potions
 b - a potion of magic
 j - a potion of lignification {unknown}
 k - 4 potions of curing {unknown}
 m - a potion of might {unknown}
 t - a potion of haste {unknown}


   Skills:
 + Level 5.6 Fighting
 - Level 1.7 Dodging
 - Level 1.7 Stealth
 + Level 5.5 Spellcasting
 + Level 6.9 Conjurations


You had 15 spell levels left.
You knew the following spells:

 Your Spells              Type           Power      Damage    Failure   Level
a - Magic Dart            Conj           100%       1d8       1%          1
b - Searing Ray           Conj           70%        2d7       1%          2

Your spell library contained the following spells:

 Spells                   Type           Power      Damage    Failure   Level
 Dazzling Flash           Conj/Hex       40%        N/A       8%          3
 Slow                     Hex            20%        N/A       11%         1
 Scorch                   Fire           10%        2d5       16%         2
 Fulminant Prism          Conj/Hex       10%        3d9       24%         4
 Iskenderun's Mystic Bla  Conj/Tloc      20%        2d6       24%         4
 Confusing Touch          Hex            5%         N/A       30%         3
 Vampiric Draining        Necr           5%         2d6       30%         3
 Ignition                 Fire           2%         3d3       100%        8
 Fire Storm               Conj/Fire      10%        8d3       100%        9


Dungeon Overview and Level Annotations

Branches:
Dungeon (7/15)             Temple (1/1) D:7

Altars:
Ashenzari
Cheibriados
Dithmenos
Fedhas
Gozag
Hepliaklqana
Kikubaaqudgha
Makhleb
Nemelex Xobeh
Qazlal
Ru
Sif Muna
Trog
Uskayaw
Vehumet
Wu Jian
Xom
Yredelemnul

Shops:
D:5 [   D:7 *


Innate Abilities, Weirdness & Mutations

You regenerate a lot of health from kills.
You are partially covered in sharp spines.
Your touch may inflict minor irresistible damage on your foes.


Message History

The hound is almost dead.
The magic dart hits the hound.
The hound is almost dead.
The hound bites you but does no damage.
The magic dart hits the hound.
You kill the hound!
Found a stone staircase leading up.
Found 9 gold pieces.
Found a shimmering altar of Xom.
Found a staircase to the Ecumenical Temple.
There is a stone staircase leading up here.
An ogre comes into view. It is wielding a +0 giant club.
The ogre shouts!
There is a staircase to the Ecumenical Temple here.
You climb downwards.
Welcome to the Ecumenical Temple!
Found eight altars.
Found a staircase back to the Dungeon.
There is a staircase back to the Dungeon here.
Found a sparkling altar of Nemelex Xobeh and a blossoming altar of Fedhas.
There is a radiant altar of Vehumet here.
You kneel at the altar of Vehumet.
Vehumet welcomes you!
There is a staircase back to the Dungeon here.
You climb upwards.
Welcome back to the Dungeon!
The ogre hits you with a +0 giant club!!
Ouch! That really hurt!
There is a staircase to the Ecumenical Temple, spattered with blood here.
Okay, then.
Okay, then.
Unknown command.
Casting: Magic Dart (safe; 1% risk of failure)
Confirm with . or Enter, or press ? or * to list all spells.
Aiming: Searing Ray (safe; 1% risk of failure)
Press: ? - help, Shift-Dir - straight line, f - ogre
Aim: an ogre, wielding a +0 giant club (91% to hit)
The searing ray hits the ogre.
The ogre is lightly wounded. (Press . to maintain the ray.)
The ogre is struck by your spines.
The ogre hits you with a +0 giant club!!
You die...

#~.
##...##....#.<##
#..
#....##....#.##
#⌠###<..$.#....#.
#.........#....#.
#####.#..####.#
..
......#.........
..
............#.###
#..
.......O#...#..
... ......8@8##.#
. ########## .# .
.


You could see an ogre.

Vanquished Creatures
  Grinder (D:6)
  2 water moccasins (D:5)
  An ogre (D:5)
  A centaur (D:5)
  A phantom (D:4)
  2 scorpions (D:4)
  A howler monkey (D:6)
  3 jellies
  3 hounds
  Robin (D:2)
  9 gnolls
  5 adders
  An ufetubus (D:4)
  A worm (D:2)
  A dart slug (D:2)
  3 orcs
  6 ball pythons
  3 bats
  8 endoplasms
  2 giant cockroaches
  13 goblins
  7 hobgoblins
  4 jackals (D:4)
  5 quokkas
  2 frilled lizards (D:1)
  5 kobolds
  5 rats
96 creatures vanquished.

Notes
Turn   | Place    | Note
-------+----------+-------------------------------------------
     0 | D:1      | Essalna the Demonspawn Conjurer began the quest for the
                  | Orb.
     0 | D:1      | Reached XP level 1. HP: 13/13 MP: 3/3
   242 | D:1      | Gained mutation: You are partially covered in sharp spines.
                  | [demonic ancestry]
   242 | D:1      | Reached XP level 2. HP: 12/20 MP: 1/5
   398 | D:1      | Reached skill level 1 in Fighting
  1310 | D:2      | Gained mutation: You regenerate a little health from kills.
                  | [demonic ancestry]
  1310 | D:2      | Reached XP level 3. HP: 21/26 MP: 2/6
  1473 | D:2      | Noticed Robin
  1487 | D:2      | Killed Robin
  1635 | D:2      | Learned a level 2 spell: Searing Ray
  2083 | D:2      | Gained mutation: You regenerate health from kills. [demonic
                  | ancestry]
  2083 | D:2      | Reached XP level 4. HP: 32/32 MP: 2/8
  3114 | D:3      | Found a faded altar of an unknown god.
  3298 | D:4      | Noticed a scorpion
  3304 | D:4      | Killed a scorpion
  3305 | D:4      | Reached XP level 5. HP: 39/39 MP: 0/9
  3390 | D:4      | Reached skill level 5 in Conjurations
  3738 | D:4      | Gained mutation: You regenerate a lot of health from kills.
                  | [demonic ancestry]
  3738 | D:4      | Reached XP level 6. HP: 41/47 MP: 7/11
  4123 | D:4      | Found a shimmering blue altar of Sif Muna.
  4123 | D:4      | Found a sacrificial altar of Ru.
  4269 | D:5      | Entered Level 5 of the Dungeon
  4269 | D:5      | Found Weadghie's Antique Armour Boutique.
  4378 | D:5      | Noticed a water moccasin
  4394 | D:5      | Killed a water moccasin
  4395 | D:5      | Reached skill level 6 in Conjurations
  4395 | D:5      | Gained mutation: Your touch may inflict minor irresistible
                  | damage on your foes. [demonic ancestry]
  4395 | D:5      | Reached XP level 7. HP: 49/55 MP: 7/13
  4845 | D:5      | Reached skill level 5 in Fighting
  4845 | D:5      | Reached skill level 5 in Spellcasting
  4848 | D:5      | Got the Almanac of Burnt Arcane Combat
  5106 | D:6      | Noticed Grinder
  5120 | D:6      | Killed Grinder
  5121 | D:6      | Reached XP level 8. HP: 63/63 MP: 3/16
  5350 | D:7      | Found Dulored's Assorted Antiques.
  5428 | D:7      | Found a shimmering altar of Xom.
  5433 | D:7      | Found a staircase to the Ecumenical Temple.
  5442 | Temple   | Entered the Ecumenical Temple
  5450 | Temple   | Became a worshipper of Vehumet
  5460 | D:7      | Slain by an ogre

Illustrated notes

Levels and vault maps discovered:
D:1:      psy_arrival_dodecagon, layout_basic, minivault_26, minivault_5
D:2:      layout_basic, uniq_robin
D:3:      layout_basic, dreamdust_ecumenical_altar_angels_and_demons
D:4:      layout_loops_cross, gammafunk_temple_overflow_statue,
          minmay_starry_boxes
D:5:      layout_rooms, serial_shops, shop, minmay_fountain_box
D:6:      layout_rooms, minmay_misc_feat_rugged, serial_park_tiny_2,
          serial_park_tiny_2, kennysheep_generic_room_16, uniq_grinder
D:7:      minmay_cornered_nines, layout_basic, xom_redecorated, temple_statues,
          biasface_ghost_orc_armoury, serial_shops, shop, minmay_diced_spiral
Temple:   eino_narrow_crystal_temple

Skill      XL: |  1  2  3  4  5  6  7 |
---------------+----------------------+-----
Fighting       | 1 2 3 4 5 |  5.6
Spellcasting   | 3 4 5 |  5.5
Conjurations   | 5 6 |  6.9
Dodging        | |  1.7
Stealth        | |  1.7

Action                     |  1- 3 |  4- 6 |  7- 9 || total
---------------------------+-------+-------+-------++-------
  Melee: Dagger            |    18 |    31 |     4 ||    53
         Touch             |       |       |     1 ||     1
         Punch             |       |       |     1 ||     1
   Cast: Magic Dart        |    70 |    67 |    43 ||   180
         Searing Ray       |       |     3 |     5 ||     8
    Use: Scroll            |     1 |       |       ||     1
   Stab: Distracted        |       |     1 |       ||     1
         Sleeping          |       |     1 |       ||     1
 Armour: Robe              |    15 |    22 |     9 ||    46
  Dodge: Dodged            |     4 |    28 |    12 ||    44

Table legend: (Time is in decaauts)
 A = Elapsed time spent in this place.
 B = Non-inter-level travel time spent in this place.
 C = Inter-level travel time spent in this place.
 D = Time resting spent in this place.
 E = Time spent auto-exploring this place.
 F = Levels seen in this place.
 G = Mean time per level.
                   A        B        C        D        E       F      G
               +--------+--------+--------+--------+--------+-----+--------+
         Total |   5457 |   5202 |    255 |      0 |   4627 |   8 |  682.1 |
       Dungeon |   5440 |   5199 |    241 |      0 |   4627 |   7 |  777.1 |
        Temple |     16 |      2 |     14 |      0 |      0 |   1 |   16.0 |
               +--------+--------+--------+--------+--------+-----+--------+

Top non-repeatable levels by time:
     D:2: 1237 daAuts
     D:1: 1192 daAuts
     D:4: 1098 daAuts
     D:5: 797 daAuts
     D:3: 751 daAuts
     D:7: 192 daAuts
     D:6: 170 daAuts
  Temple: 16 daAuts
